 Dungeon Crawl Stone Soup version 0.27-a0-67-g4bfc8a49e1 (webtiles) character file.

Game seed: 1344013712108059420

2947 Borgoz the Carver (level 10, -1/67 HPs)
             Began as a Halfling Gladiator on Jan 9, 2021.
             Was an Initiate of Kikubaaqudgha.
             Slain by an orc warrior
             ... wielding a +0 mace
              (13 damage)
             ... on level 7 of the Dungeon.
             The game lasted 00:09:32 (8881 turns).

Borgoz the Carver (Halfling Gladiator)              Turns: 8881, Time: 00:09:32

Health: -1/67      AC:  8    Str: 17    XL:     10   Next: 7%
Magic:  10/10      EV: 18    Int:  6    God:    Kikubaaqudgha [......]
Gold:   361        SH:  0    Dex: 18    Spells: 9/9 levels left

rFire    + . .     SeeInvis .   a - +0 long sword
rCold    . . .     Faith    .   (shield restricted)
rNeg     . . .     Spirit   .   e - +0 ring mail
rPois    .         Reflect  .   c - +0 helmet
rElec    .         Harm     .   x - +0 cloak
rCorr    .         Rampage  .   (no gloves)
Will     .....                  (no boots)
Stlth    +.........             o - amulet of the acrobat
HPRegen  0.21/turn              q - ring of protection from fire
MPRegen  0.12/turn              (no ring)

@: no status effects
A: small, mutation resistance 1
a: Renounce Religion


You were on level 7 of the Dungeon.
You worshipped Kikubaaqudgha.
Kikubaaqudgha was noncommittal.
You visited 2 branches of the dungeon, and saw 8 of its levels.

You collected 361 gold pieces.

Inventory:

Hand Weapons
 a - a +0 long sword (weapon)
 b - a +2 dagger of electrocution
Armour
 c - a +0 helmet (worn)
 e - a +0 ring mail (worn)
 x - a +0 cloak (worn)
Jewellery
 o - an amulet of the acrobat (around neck)
 q - a ring of protection from fire (left hand)
Wands
 v - a wand of iceblast (13)
 y - a wand of flame (9)
Scrolls
 d - a scroll of acquirement {unknown}
 f - 3 scrolls of amnesia {unknown}
 h - 3 scrolls of teleportation
 m - 4 scrolls of enchant armour {unknown}
 n - a scroll of fear {unknown}
 r - a scroll of remove curse
 t - a scroll of enchant weapon {unknown}
Potions
 g - a potion of haste
 i - 3 potions of curing
 j - a potion of lignification
 k - a potion of flight
 l - 2 potions of mutation
 p - a potion of might
 u - a potion of magic


   Skills:
 + Level 5.6 Fighting
 * Level 9.0 Long Blades
 - Level 2.0 Throwing
 + Level 6.3 Armour
 + Level 7.2 Dodging


You had 9 spell levels left.
You didn't know any spells.
Your spell library contained the following spells:

 Spells                   Type           Power        Failure   Level
 Animate Skeleton         Necr           0%           63%         1
 Apportation              Tloc           0%           63%         1
 Corona                   Hex            0%           63%         1
 Summon Small Mammal      Summ           0%           63%         1


Dungeon Overview and Level Annotations

Branches:
Dungeon (7/15)             Temple (1/1) D:6

Altars:
Ashenzari
Cheibriados
Dithmenos
Elyvilon
Fedhas
Gozag
Hepliaklqana
Kikubaaqudgha
Makhleb
Nemelex Xobeh
Okawaru
Qazlal
Ru
Sif Muna
Trog
Uskayaw
Vehumet
Wu Jian
Xom
Yredelemnul
Zin
The Shining One

Shops:
D:5 }?[[


Innate Abilities, Weirdness & Mutations

You are small and have problems with some larger weapons.
You are somewhat resistant to further mutation.


Message History

You slash the orc warrior!
The orc warrior is severely wounded.
The orc warrior barely misses you.
You riposte.
You hit the orc warrior.
The orc warrior is almost dead.
The orc closely misses you.
You hit the orc warrior but do no damage.
The orc warrior is almost dead.
The orc warrior closely misses you.
You hit the orc warrior but do no damage.
The orc warrior is almost dead.
The orc hits you from afar with a +0 trident.
* * * LOW HITPOINT WARNING * * *
The orc warrior closely misses you.
You hit the orc warrior but do no damage.
The orc warrior is almost dead.
The orc hits you from afar with a +0 trident.
* * * LOW HITPOINT WARNING * * *
The orc warrior hits you with a +0 mace!
You die...
Kikubaaqudgha rasps: "You have failed me!
Welcome... death!"

#.## ##.... ##.###.####
#.....# # #.....# # # #
#.....# #.#.#. #.....# #
#....$# #.....# ##
###....###########...####.
+......oo@.....(........'.
####...o##########.รท.####.
##.#.# ##.## ## ###.# #.# #
#.# ##.## #.# ##...## #.#
##.#.#.## #.# #.#..##.#
####..##.##


You could see an orc warrior and 2 orcs.

Vanquished Creatures
  Pikel (D:4)
  Joseph (D:7)
  Duvessa (D:7)
  2 eyes of draining (D:7)
  2 ogres
  A necrophage (D:6)
  A phantom (D:6)
  4 centaurs
  A bullfrog (D:6)
  A wyvern zombie (D:6)
  A scorpion (D:4)
  Dowan (D:7)
  3 jellies
  3 howler monkeys
  2 orc priests (D:5)
  3 hounds
  3 bullfrog skeletons
  Terence (D:2)
  An iguana (D:7)
  2 worker ants
  9 orc wizards
  3 adders
  4 gnolls (D:4)
  2 shadow imps
  3 ufetubi
  2 oozes (D:1)
  A worm (D:4)
  2 dart slugs
  3 leopard geckos
  11 orcs
  5 giant cockroaches
  6 goblins
  6 hobgoblins
  13 jackals
  10 kobolds
  2 quokkas
  3 ball pythons
  6 bats
  7 frilled lizards
  6 rats
139 creatures vanquished.

Notes
Turn   | Place    | Note
-------+----------+-------------------------------------------
     0 | D:1      | Borgoz the Halfling Gladiator began the quest for the Orb.
     0 | D:1      | Reached XP level 1. HP: 14/14 MP: 1/1
   135 | D:1      | Reached XP level 2. HP: 19/19 MP: 2/2
   340 | D:1      | Reached XP level 3. HP: 23/24 MP: 3/3
   341 | D:1      | Reached skill level 1 in Armour
  1080 | D:2      | Reached XP level 4. HP: 29/29 MP: 4/4
  1373 | D:2      | Noticed Terence
  1386 | D:2      | Killed Terence
  1396 | D:2      | Reached skill level 4 in Long Blades
  1679 | D:2      | Found a burning altar of Makhleb.
  1686 | D:2      | Reached XP level 5. HP: 13/35 MP: 5/5
  2244 | D:3      | Found a blossoming altar of Fedhas.
  2640 | D:3      | Found a burning altar of Makhleb.
  2640 | D:3      | Noticed a blizzard demon
  2861 | D:4      | Noticed a centaur
  2870 | D:4      | Killed a centaur
  2871 | D:4      | Reached XP level 6. HP: 4/41 MP: 6/6
  3243 | D:4      | Noticed Pikel
  3265 | D:4      | Killed Pikel
  3266 | D:4      | Reached skill level 6 in Long Blades
  3266 | D:4      | Reached skill level 5 in Dodging
  3266 | D:4      | Reached XP level 7. HP: 21/47 MP: 7/7
  3437 | D:4      | Found an opulent altar of Gozag.
  3535 | D:4      | Reached XP level 8. HP: 34/54 MP: 8/8
  4099 | D:4      | Found a shadowy altar of Dithmenos.
  4508 | D:4      | Found a hide-covered altar of Uskayaw.
  4517 | D:5      | Entered Level 5 of the Dungeon
  4623 | D:5      | Found Ysao's Antique Armour Boutique.
  4852 | D:5      | Found Huoc's Antique Armour Shoppe.
  4951 | D:6      | HP: 1/53 [necrophage (3)]
  5732 | D:5      | Found Noyp's Magic Scroll Shoppe.
  5796 | D:5      | Reached skill level 7 in Long Blades
  5995 | D:5      | Found a snail-covered altar of Cheibriados.
  6193 | D:5      | Reached XP level 9. HP: 58/59 MP: 9/9
  6516 | D:5      | Found Adoady's Gadget Emporium.
  6529 | D:5      | Reached skill level 5 in Armour
  6882 | D:6      | Found a staircase to the Ecumenical Temple.
  6994 | Temple   | Entered the Ecumenical Temple
  7190 | Temple   | Became a worshipper of Kikubaaqudgha
  7233 | D:6      | Reached skill level 8 in Long Blades
  7558 | D:6      | Reached skill level 5 in Fighting
  7687 | D:6      | Found a shimmering altar of Xom.
  7816 | D:7      | Noticed Dowan
  7818 | D:7      | Noticed Duvessa
  7833 | D:7      | Killed Dowan
  7875 | D:7      | Killed Duvessa
  8148 | D:7      | Found a shimmering blue altar of Sif Muna.
  8391 | D:7      | Noticed Joseph
  8406 | D:7      | Killed Joseph
  8675 | D:7      | Found a bloodstained altar of Trog.
  8713 | D:7      | Reached XP level 10. HP: 63/66 MP: 0/10
  8867 | D:7      | Reached skill level 9 in Long Blades
  8881 | D:7      | Slain by an orc warrior

Illustrated notes

Levels and vault maps discovered:
D:1:      lemuel_arrival_hallway, layout_loops_ring
D:2:      layout_basic, makhleb_grotto_becter, uniq_crazy_yiuf_cottage,
          uniq_terence
D:3:      layout_loops_ring, fedhas_ov_isle_minmay, makhleb_altar_promises_db
D:4:      layout_loops_corners, grunt_gozag_statues, kennysheep_mini_moat,
          old_standard_altar, uniq_pikel
D:5:      layout_gridville, lemuel_crystal_altar, serial_shops, shop_fountains,
          shop_fountains, shop, shop_fountains
D:6:      layout_rooms, marbit_many_paths, minmay_temple_entry_slanted,
          chequers_serial_rivers_micro_e
D:7:      layout_loops_corners, led_sif_pool, skrybe_limestone_x,
          chequers_serial_rivers_large_a, trog_eyes_of_draining, uniq_joseph,
          uniq_duvessa, uniq_harold
Temple:   eino_narrow_crystal_temple

Skill      XL: |  1  2  3  4  5  6  7  8  9 10 |
---------------+-------------------------------+-----
Fighting       | 2 3 4 5 |  5.6
Armour         | 1 2 3 4 6 |  6.3
Long Blades    | 4 6 7 8 9 |  9.0
Dodging        | 4 5 6 7 |  7.2
Throwing       | |  2.0

Action                   |  1- 3 |  4- 6 |  7- 9 | 10-12 || total
-------------------------+-------+-------+-------+-------++-------
Melee: Long sword        |    68 |   109 |   396 |    16 ||   589
Throw: Throwing net      |       |     3 |     2 |       ||     5
  Use: Scroll            |       |     3 |     5 |       ||     8
       Potion            |       |       |     6 |       ||     6
 Stab: Held in net/web   |       |     3 |     1 |       ||     4
Armor: Ring mail         |    13 |    30 |    92 |     3 ||   138
       Skin              |       |       |    30 |       ||    30
Dodge: Dodged            |    52 |    86 |   275 |    26 ||   439
       Rpst.: Long sword |    22 |    25 |    79 |     5 ||   131

Table legend: (Time is in decaauts)
 A = Elapsed time spent in this place.
 B = Non-inter-level travel time spent in this place.
 C = Inter-level travel time spent in this place.
 D = Time resting spent in this place.
 E = Time spent auto-exploring this place.
 F = Levels seen in this place.
 G = Mean time per level.
                   A        B        C        D        E       F      G
               +--------+--------+--------+--------+--------+-----+--------+
         Total |   8959 |   8664 |    295 |   2284 |   5172 |   8 | 1119.9 |
       Dungeon |   8754 |   8472 |    282 |   2284 |   4982 |   7 | 1250.6 |
        Temple |    204 |    191 |     13 |      0 |    190 |   1 |  204.0 |
               +--------+--------+--------+--------+--------+-----+--------+

Top non-repeatable levels by time:
     D:4: 1666 daAuts
     D:5: 1614 daAuts
     D:6: 1509 daAuts
     D:7: 1071 daAuts
     D:2: 1027 daAuts
     D:1: 1000 daAuts
     D:3: 863 daAuts
  Temple: 204 daAuts
